AA - U28
PENSACOLA BLUE WAHOOS @ CORPUS CHRISTI HOOKS
06/11/2053
 
TOP OF THE 1ST
Gateway Grizzlies batting - Pitching for Rocket City Trash Pandas : RHP Jameson DeHaven
Pitching: RHP Jameson DeHaven
Batting: LHB Luca Bañuelos 0-0: Called Strike
0-1: Bunt for hit to 5S - play at first, batter OUT! 5-3
Batting: RHB German Martín 0-0: Ball
1-0: Called Strike
1-1: Ball
2-1: Ground out 4-3 (Groundball, 4M, EV 108.8 MPH)
Batting: RHB Dan Moore 0-0: Swinging Strike
0-1: Ball
1-1: Foul Ball, location: 3FF
1-2: Foul Ball, location: 2F
1-2: Foul Ball, location: 2F
1-2: Fly out, F7 (Flyball, 7S, EV 100.0 MPH)
Top of the 1st over - 0 runs, 0 hits, 0 errors, 0 left on base; Gateway 0 - Rocket City 0
BOTTOM OF THE 1ST
Rocket City Trash Pandas batting - Pitching for Gateway Grizzlies : LHP Mark Lepine
Pitching: LHP Mark Lepine
Batting: RHB Anderson Burney 0-0: Ball
1-0: Fly out, F3 (Popup, 3F, EV 77.5 MPH)
Batting: RHB Leandro Gonzales 0-0: Ball
1-0: Ball
2-0: Called Strike
2-1: Fly out, F9 (Flyball, 9D, EV 106.9 MPH)
Batting: LHB Jeuyson Palomino 0-0: Fly out, F9 (Flyball, 9LS, EV 81.9 MPH)
Bottom of the 1st over - 0 runs, 0 hits, 0 errors, 0 left on base; Gateway 0 - Rocket City 0
TOP OF THE 2ND
Gateway Grizzlies batting - Pitching for Rocket City Trash Pandas : RHP Jameson DeHaven
Batting: RHB Jesse McCabe 0-0: Foul Ball, location: 9LSF
0-1: Ground out 4-3 (Groundball, 34D, EV 98.8 MPH)
Batting: SHB Paul Ambrosini 0-0: Foul Ball, location: 7LDF
0-1: Called Strike
0-2: Ground out 4-3 (Groundball, 4, EV 86.3 MPH)
Batting: RHB Billy Storey 0-0: Ball
1-0: Called Strike
1-1: Swinging Strike
1-2: SINGLE (Groundball, 5D, EV 108.8 MPH)
Batting: RHB Kai Wasilewski 0-0: Ball
1-0: Ball
2-0: DOUBLE (Flyball, 8RXD, EV 106.3 MPH)
Billy Storey to third
Runner from 3rd tries for Home, SAFE, throw by CF to trailing runner, SAFE at third!
Batting: RHB Adrian Mebane 0-0: Ground out 5-3 (Groundball, 56S, EV 85.6 MPH)
Top of the 2nd over - 1 run, 2 hits, 0 errors, 1 left on base; Gateway 1 - Rocket City 0
BOTTOM OF THE 2ND
Rocket City Trash Pandas batting - Pitching for Gateway Grizzlies : LHP Mark Lepine
Batting: RHB Otis Keller 0-0: SINGLE (Line Drive, 89S, EV 106.3 MPH)
Batting: LHB Melchor Poblano 0-0: Ball
1-0: Ball
2-0: Foul Ball, location: 7LSFF
2-1: Ball
3-1: Called Strike
3-2: Base on Balls
Otis Keller to second
Batting: LHB Andrew McCully 0-0: SINGLE (Line Drive, 7S, EV 89.4 MPH)
Otis Keller to third
Melchor Poblano to second
Batting: LHB Dog Owens 0-0: Foul Ball, location: 2F
0-1: Foul Ball, location: 3SF
0-2: Strikes out swinging
Batting: RHB Santino Zunego 0-0: Foul Ball, location: 2F
0-1: Ball
1-1: Called Strike
1-2: Strikes out swinging
Batting: RHB Tony Malone 0-0: Ball
1-0: Called Strike
1-1: Ball
2-1: Ball
3-1: Foul Ball, location: 9LDF
3-2: Base on Balls
Otis Keller scores
Melchor Poblano to third
Andrew McCully to second
Batting: RHB Anderson Burney 0-0: Ball
1-0: Called Strike
1-1: SINGLE (Groundball, 4MD, EV 106.9 MPH)
Melchor Poblano scores
Andrew McCully to third
Tony Malone to second
Runner from 3rd tries for Home, SAFE, throw by CF to home
Batting: RHB Leandro Gonzales 0-0: Ball
1-0: Ball
2-0: Called Strike
2-1: Foul Ball, location: 2F
2-2: Ball
3-2: Fly out, F9 (Line Drive, 9S, EV 90.0 MPH)
Bottom of the 2nd over - 3 runs, 3 hits, 0 errors, 2 left on base; Gateway 1 - Rocket City 3
TOP OF THE 3RD
Gateway Grizzlies batting - Pitching for Rocket City Trash Pandas : RHP Jameson DeHaven
Batting: RHB Bob Bowlin 0-0: Ball
1-0: SINGLE (Flyball, 8LS, EV 95.6 MPH)
Batting: LHB Luca Bañuelos 0-0: Bunted foul
0-1: Bunted foul
0-2: Fielders Choice at 2nd, 1-6 (Groundball, P, EV 68.8 MPH)
Batting: RHB German Martín 0-0: Ball
1-0: Foul Ball, location: 25F
1-1: Ball
Luca Bañuelos is caught stealing 2nd base 2-4
2-1: Foul Ball, location: 2F
2-2: Strikes out swinging
Top of the 3rd over - 0 runs, 1 hit, 0 errors, 0 left on base; Gateway 1 - Rocket City 3
BOTTOM OF THE 3RD
Rocket City Trash Pandas batting - Pitching for Gateway Grizzlies : LHP Mark Lepine
Batting: LHB Jeuyson Palomino 0-0: Hit by Pitch
Batting: RHB Otis Keller 0-0: Called Strike
0-1: Ball
1-1: SINGLE (Flyball, 34D, EV 85.0 MPH)
Jeuyson Palomino to second
Batting: LHB Melchor Poblano 0-0: Called Strike
0-1: Ball
1-1: Ball
2-1: Ball
3-1: Base on Balls
Jeuyson Palomino to third
Otis Keller to second
Batting: LHB Andrew McCully 0-0: Called Strike
0-1: Called Strike
0-2: Ball
1-2: Grounds into double play, 6-4-3 (Groundball, 6, EV 82.5 MPH)
Jeuyson Palomino scores
Otis Keller to third
Batting: LHB Dog Owens 0-0: Ball
1-0: Ball
2-0: Ball
3-0: Called Strike
3-1: Base on Balls
Batting: RHB Santino Zunego 0-0: Fly out, F9 (Line Drive, 89S, EV 91.3 MPH)
Bottom of the 3rd over - 1 run, 1 hit, 0 errors, 2 left on base; Gateway 1 - Rocket City 4
TOP OF THE 4TH
Gateway Grizzlies batting - Pitching for Rocket City Trash Pandas : RHP Jameson DeHaven
Batting: RHB Dan Moore 0-0: Called Strike
0-1: Ball
1-1: Ball
2-1: Foul Ball, location: 9LSF
2-2: Ball
3-2: Base on Balls
Batting: RHB Jesse McCabe 0-0: Called Strike
0-1: Ball
1-1: Called Strike
1-2: Foul Ball, location: 2F
1-2: Foul Ball, location: 25F
1-2: Strikes out looking
Batting: SHB Paul Ambrosini 0-0: Ball
1-0: Swinging Strike
1-1: Ball
2-1: Fly out, F8 (Line Drive, 8RS, EV 93.8 MPH)
Batting: RHB Billy Storey 0-0: Foul Ball, location: 5SF
0-1: Ball
1-1: Foul Ball, location: 2F
1-2: Ball
2-2: Ball
Dan Moore steals 2nd base
3-2: Foul Ball, location: 2F
3-2: Strikes out looking
Top of the 4th over - 0 runs, 0 hits, 0 errors, 1 left on base; Gateway 1 - Rocket City 4
BOTTOM OF THE 4TH
Rocket City Trash Pandas batting - Pitching for Gateway Grizzlies : LHP Mark Lepine
Batting: RHB Tony Malone 0-0: Called Strike
0-1: Ball
1-1: Ball
2-1: Called Strike
2-2: Foul Ball, location: 9LMF
2-2: Ball
3-2: Strikes out swinging, 2-3 out at first.
Batting: RHB Anderson Burney 0-0: Called Strike
0-1: Foul Ball, location: 3DF
0-2: Ball
1-2: Foul Ball, location: 23F
1-2: Ball
2-2: Fly out, F7 (Line Drive, 7LM, EV 92.5 MPH)
Batting: RHB Leandro Gonzales 0-0: Ground out 3-1 (Groundball, 34S, EV 86.3 MPH)
Bottom of the 4th over - 0 runs, 0 hits, 0 errors, 0 left on base; Gateway 1 - Rocket City 4
TOP OF THE 5TH
Gateway Grizzlies batting - Pitching for Rocket City Trash Pandas : RHP Jameson DeHaven
Batting: RHB Kai Wasilewski 0-0: Foul Ball, location: 2F
0-1: Reached on error, E8 (Flyball, 8RS, EV 90.6 MPH)
Batting: RHB Adrian Mebane 0-0: Foul Ball, location: 9LMF
0-1: Ball
1-1: Ball
2-1: Grounds into double play, 4-6-3 (Groundball, 4, EV 88.8 MPH)
Batting: RHB Bob Bowlin 0-0: Called Strike
0-1: Called Strike
0-2: Foul Ball, location: 23FF
0-2: Ball
1-2: Ball
2-2: Foul Ball, location: 2F
2-2: Strikes out swinging
Top of the 5th over - 0 runs, 0 hits, 1 error, 0 left on base; Gateway 1 - Rocket City 4
BOTTOM OF THE 5TH
Rocket City Trash Pandas batting - Pitching for Gateway Grizzlies : LHP Mark Lepine
Batting: LHB Jeuyson Palomino 0-0: SOLO HOME RUN (Line Drive, 7LD, EV 98.1 MPH), Distance : 365 ft
Pitching: RHP Dave Biggins
Batting: RHB Otis Keller 0-0: Ball
1-0: Called Strike
1-1: SINGLE (Groundball, 4MD, EV 103.1 MPH)
Batting: LHB Melchor Poblano 0-0: Ball
1-0: Called Strike
1-1: Ball
2-1: Ball
3-1: 2-RUN HOME RUN (Flyball, 8RXD, EV 108.8 MPH), Distance : 420 ft
Batting: LHB Andrew McCully 0-0: Ball
1-0: Ball
2-0: Ball
3-0: Base on Balls
Batting: LHB Dog Owens 0-0: Ball
1-0: SINGLE (Line Drive, 56, EV 93.8 MPH)
Andrew McCully to second
Batting: RHB Santino Zunego 0-0: Ball
1-0: Ball
2-0: Ball
3-0: Base on Balls
Andrew McCully to third
Dog Owens to second
Batting: RHB Tony Malone 0-0: Called Strike
0-1: Foul Ball, location: 5F
0-2: Ball
1-2: Strikes out looking
Batting: RHB Anderson Burney 0-0: Called Strike
0-1: Ball
1-1: Ball
2-1: Swinging Strike
2-2: Ball
3-2: Base on Balls
Andrew McCully scores
Dog Owens to third
Santino Zunego to second
Batting: RHB Leandro Gonzales 0-0: Foul Ball, location: 3FF
0-1: Swinging Strike
0-2: Strikes out swinging
Batting: LHB Jeuyson Palomino 0-0: Ball
1-0: Ball
2-0: Fly out, F8 (Flyball, 78M, EV 99.4 MPH)
Bottom of the 5th over - 4 runs, 4 hits, 0 errors, 3 left on base; Gateway 1 - Rocket City 8
TOP OF THE 6TH
Gateway Grizzlies batting - Pitching for Rocket City Trash Pandas : RHP Jameson DeHaven
Batting: LHB Luca Bañuelos 0-0: Ball
1-0: Fly out, F7 (Flyball, 7S, EV 86.3 MPH)
Batting: RHB German Martín 0-0: Ball
1-0: Foul Ball, location: 5FF
1-1: Ball
2-1: Ball
3-1: Foul Ball, location: 2F
3-2: Foul Ball, location: 23F
3-2: Fly out, F7 (Line Drive, 78S, EV 91.3 MPH)
Batting: RHB Dan Moore 0-0: Ball
1-0: Ball
2-0: Foul Ball, location: 2F
2-1: Foul Ball, location: 2F
2-2: Ball
3-2: Base on Balls
Batting: RHB Jesse McCabe 0-0: Called Strike
0-1: Called Strike
Dan Moore steals 2nd base
0-2: Foul Ball, location: 2F
0-2: Foul Ball, location: 2F
0-2: Foul Ball, location: 25F
0-2: Ground out 5-3 (Groundball, 56S, EV 86.9 MPH)
Top of the 6th over - 0 runs, 0 hits, 0 errors, 1 left on base; Gateway 1 - Rocket City 8
BOTTOM OF THE 6TH
Rocket City Trash Pandas batting - Pitching for Gateway Grizzlies : RHP Dave Biggins
Batting: RHB Otis Keller 0-0: Ball
1-0: Ground out 5-3 (Groundball, 56, EV 92.5 MPH)
Batting: LHB Melchor Poblano 0-0: Called Strike
0-1: Called Strike
0-2: Ball
1-2: SOLO HOME RUN (Flyball, 9LD, EV 90.0 MPH), Distance : 338 ft
Batting: LHB Andrew McCully 0-0: Ball
1-0: Ball
2-0: Ball
3-0: Base on Balls
Pitching: RHP Marco Del Valle
Batting: LHB Dog Owens 0-0: Ball
1-0: Ball
2-0: Ball
3-0: Called Strike
3-1: Swinging Strike
3-2: Foul Ball, location: 23FF
3-2: Foul Ball, location: 2F
3-2: Strikes out looking
Batting: RHB Santino Zunego 0-0: Called Strike
0-1: Ball
1-1: Ball
2-1: Ball
3-1: Base on Balls
Andrew McCully to second
Batting: RHB Tony Malone 0-0: Ball
1-0: Foul Ball, location: 2F
1-1: Ball
2-1: Called Strike
2-2: SINGLE (Groundball, 34D, EV 96.3 MPH)
Andrew McCully to third
Santino Zunego to second
Runner from 3rd tries for Home, SAFE, throw by RF to home
Batting: RHB Anderson Burney 0-0: Fielders Choice at 2nd, 6-4 (Groundball, 6, EV 82.5 MPH)
Bottom of the 6th over - 2 runs, 2 hits, 0 errors, 2 left on base; Gateway 1 - Rocket City 10
TOP OF THE 7TH
Gateway Grizzlies batting - Pitching for Rocket City Trash Pandas : RHP Jameson DeHaven
Batting: SHB Paul Ambrosini 0-0: Ball
1-0: Ball
2-0: Called Strike
2-1: Ball
3-1: SINGLE (Groundball, 4D, EV 102.5 MPH) (infield hit)
Batting: RHB Billy Storey 0-0: Foul Ball, location: 2F
0-1: Ball
1-1: Ball
2-1: Swinging Strike
2-2: Ball
3-2: Strikes out swinging
Batting: RHB Kai Wasilewski 0-0: Ball
1-0: Swinging Strike
1-1: Grounds into double play, 5-4-3 (Groundball, 56S, EV 84.4 MPH)
Top of the 7th over - 0 runs, 1 hit, 0 errors, 0 left on base; Gateway 1 - Rocket City 10
BOTTOM OF THE 7TH
Rocket City Trash Pandas batting - Pitching for Gateway Grizzlies : RHP Marco Del Valle
Pinch Hitting: RHB Jacob Collins 0-0: Ball
1-0: Called Strike
1-1: SINGLE (Groundball, 4MD, EV 105.6 MPH)
Pinch Hitting: RHB Josh Dowell 0-0: Ball
1-0: Ball
2-0: Ball
3-0: Base on Balls
Jacob Collins to second
Batting: RHB Otis Keller 0-0: Ball
1-0: Called Strike
1-1: Ball
2-1: Grounds into double play, 6-4-3 (Groundball, 6, EV 109.4 MPH)
Jacob Collins to third
Batting: LHB Melchor Poblano 0-0: Called Strike
0-1: Swinging Strike
0-2: Strikes out swinging
Bottom of the 7th over - 0 runs, 1 hit, 0 errors, 1 left on base; Gateway 1 - Rocket City 10
TOP OF THE 8TH
Gateway Grizzlies batting - Pitching for Rocket City Trash Pandas : RHP Jameson DeHaven
Pitching: RHP Raúl Oliva
Now at SS: Jacob Collins
Now in LF: Walter Johnson
Batting: RHB Adrian Mebane 0-0: Called Strike
0-1: Ball
1-1: Ground out 5-3 (Groundball, 25, EV 92.5 MPH)
Batting: RHB Bob Bowlin 0-0: Ball
1-0: Ball
2-0: Called Strike
2-1: Foul Ball, location: 2F
2-2: Strikes out swinging
Batting: LHB Luca Bañuelos 0-0: Ball
1-0: Ground out U3 (Groundball, 3, EV 86.9 MPH)
Top of the 8th over - 0 runs, 0 hits, 0 errors, 0 left on base; Gateway 1 - Rocket City 10
BOTTOM OF THE 8TH
Rocket City Trash Pandas batting - Pitching for Gateway Grizzlies : RHP Marco Del Valle
Batting: LHB Andrew McCully 0-0: Foul Ball, location: 2F
0-1: Called Strike
0-2: Foul Ball, location: 2F
0-2: Foul Ball, location: 2RF
0-2: Foul Ball, location: 5DF
0-2: Ball
1-2: Foul Ball, location: 7LDF
1-2: Ball
2-2: Ball
3-2: Foul Ball, location: 2F
3-2: SINGLE (Line Drive, 78S, EV 103.8 MPH)
Pitching: RHP Martin Albright
Batting: LHB Dog Owens 0-0: Called Strike
0-1: Swinging Strike
0-2: Ball
1-2: SINGLE (Line Drive, 7S, EV 100.0 MPH)
Andrew McCully to second
Batting: RHB Santino Zunego 0-0: Foul Ball, location: 7LMF
0-1: Hit by Pitch
Andrew McCully to third
Dog Owens to second
Batting: RHB Tony Malone 0-0: Foul Ball, location: 2F
0-1: Ball
1-1: Fly out, F7 (Flyball, 7S, EV 95.0 MPH)
Batting: RHB Anderson Burney 0-0: Reached via error on a dropped throw from 2B, E6 (Groundball, 4, EV 98.8 MPH)
Andrew McCully scores
Dog Owens to third
Santino Zunego to second
Batting: RHB Jacob Collins 0-0: Ball
1-0: Ball
2-0: Called Strike
2-1: Grounds into double play, 4-6-3 (Groundball, 4M, EV 78.8 MPH)
Bottom of the 8th over - 1 run, 2 hits, 1 error, 2 left on base; Gateway 1 - Rocket City 11
TOP OF THE 9TH
Gateway Grizzlies batting - Pitching for Rocket City Trash Pandas : RHP Raúl Oliva
Batting: RHB German Martín 0-0: Ball
1-0: Foul Ball, location: 3F
1-1: Foul Ball, location: 7LDF
1-2: Ball
2-2: SINGLE (Line Drive, 7S, EV 88.8 MPH)
Batting: RHB Dan Moore 0-0: Ball
1-0: Ball
2-0: Foul Ball, location: 5FF
2-1: Grounds into double play, 4-6-3 (Groundball, 4M, EV 81.3 MPH)
Pinch Hitting: RHB Dylan Mason 0-0: Called Strike
0-1: Foul Ball, location: 3F
0-2: Ball
1-2: SOLO HOME RUN (Flyball, 7LD, EV 94.4 MPH), Distance : 355 ft
Batting: SHB Paul Ambrosini 0-0: Ball
1-0: Ball
2-0: Foul Ball, location: 5FF
2-1: Ball
3-1: Base on Balls
Batting: RHB Billy Storey 0-0: Called Strike
0-1: Ball
1-1: Ball
2-1: Foul Ball, location: 9LSF
2-2: Foul Ball, location: 25F
2-2: Strikes out swinging
Top of the 9th over - 1 run, 2 hits, 0 errors, 1 left on base; Gateway 2 - Rocket City 11
Wednesday, May 29th , 2024 - OOTP Baseball 25.5 Build 67